 Dungeon Crawl Stone Soup version 0.28-a0-8-g6e044cfa68 (webtiles) character file.

Game seed: 1396769295555413211

5789 bjtr the Destroyer (level 10, -1/75 HPs)
             Began as a Gnoll Conjurer on July 24, 2021.
             Slain by a six-headed hydra (10 damage)
             ... on level 13 of the Dungeon.
             The game lasted 01:00:18 (11326 turns).

bjtr the Destroyer (Gnoll Conjurer)                Turns: 11326, Time: 01:00:19

Health: -1/75      AC:  7    Str:  8    XL:     10   Next: 79%
Magic:  9/21       EV: 14    Int: 25    God:
Gold:   282        SH:  0    Dex: 10    Spells: 10/24 levels left

rFire   + . .      SeeInvis .   C - +4 hand axe of Wumnudest {flame, Str+2}
rCold   . . .      Faith    .   (no shield)
rNeg    + + .      Spirit   .   J - +1 robe "Picuewir" {Drain rElec rN++ Int+3}
rPois   +          Reflect  .   (helmet restricted)
rElec   +          Harm     .   Q - +0 cloak
rCorr   .          Rampage  .   g - +1 pair of gloves
Will    .....      Rnd*Rage +   (no boots)
Stlth   +++.......              (no amulet)
HPRegen 0.22/turn               n - ring of protection from fire
MPRegen 0.17/turn               c - ring of poison resistance

@: no status effects
A: fangs 1, strong nose, distributed training, horns 1, berserk 1
a: no special abilities


You were on level 13 of the Dungeon.
You visited 2 branches of the dungeon, and saw 12 of its levels.

You collected 282 gold pieces.

Inventory:

Hand Weapons
 b - a +0 rapier
 d - a +0 dagger of venom
 j - a +2 whip of flaming
 m - a +0 scimitar of holy wrath
 r - a +0 mace
 y - a +0 falchion
 A - a +0 war axe
 C - the +4 hand axe of Wumnudest (weapon) {flame, Str+2}
   (You found it on level 4 of the Dungeon)

   It burns those it strikes, dealing additional fire damage.
   Big, fiery blades are also staple armaments of hydra-hunters.
   Str:       It affects your strength (+2).
 F - a +4 flail of freezing
 G - a +0 dagger of speed
 M - a +6 hand axe
 O - a +0 whip of freezing
 R - a +0 quarterstaff
Missiles
 H - 6 curare-tipped darts
 P - 10 poisoned darts
Armour
 g - a +1 pair of gloves (worn)
 v - a +0 helmet
 E - +0 steam dragon scales
 J - the +1 robe "Picuewir" (worn) {Drain rElec rN++ Int+3}
   (You found it on level 6 of the Dungeon)

   Int:       It affects your intelligence (+3).
   rElec:     It insulates you from electricity.
   rN:        It greatly protects you from negative energy.
   Drain:     It drains your maximum health when unequipped.
 Q - a +0 cloak (worn)
 S - a +3 scale mail of fire resistance
Jewellery
 c - a ring of poison resistance (right hand)
 n - a ring of protection from fire (left hand)
Wands
 e - a wand of polymorph (10)
 l - a wand of flame (43)
 K - a wand of iceblast (4)
 L - a wand of acid (12)
 N - a wand of paralysis (9)
 U - a wand of mindburst (13)
Scrolls
 h - a scroll of enchant armour
 k - 2 scrolls of vulnerability
 D - 6 scrolls of amnesia
Potions
 a - a potion of cancellation {unknown}
 i - 2 potions of magic {unknown}
 o - 2 potions of haste
 p - 2 potions of degeneration {unknown}
 q - 3 potions of lignification {unknown}
 s - 2 potions of brilliance {unknown}
 t - 4 potions of might {unknown}
 w - 2 potions of attraction {unknown}
 x - a potion of berserk rage {unknown}
 z - a potion of invisibility {unknown}
 B - 2 potions of flight {unknown}
 I - 2 potions of curing


   Skills:
 + Level 5.6 Fighting
 + Level 5.6 Short Blades
 + Level 5.6 Long Blades
 + Level 5.6 Axes
 + Level 5.6 Maces & Flails
 + Level 5.6 Polearms
 + Level 5.6 Staves
 + Level 5.6 Slings
 + Level 5.6 Bows
 + Level 5.6 Crossbows
 + Level 5.6 Throwing
 + Level 5.6 Armour
 + Level 7.3 Dodging
 + Level 7.1 Stealth
 + Level 5.6 Shields
 + Level 5.6 Unarmed Combat
 + Level 7.6 Spellcasting
 + Level 8.6 Conjurations
 + Level 4.6 Hexes
 + Level 4.6 Summonings
 + Level 4.6 Necromancy
 + Level 4.6 Translocations
 + Level 4.6 Transmutations
 + Level 4.6 Fire Magic
 + Level 4.6 Ice Magic
 + Level 4.6 Air Magic
 + Level 4.6 Earth Magic
 + Level 4.6 Poison Magic
 + Level 6.1 Invocations
 + Level 5.6 Evocations


You had 10 spell levels left.
You knew the following spells:

 Your Spells              Type           Power      Damage    Failure   Level
a - Magic Dart            Conj           100%       1d8       1%          1
b - Searing Ray           Conj           100%       3d7       1%          2
c - Call Imp              Summ           32%        N/A       1%          2
d - Mephitic Cloud        Conj/Pois/Air  39%        N/A       1%          3
e - Sublimation of Blood  Necr           16%        N/A       1%          2
f - Iskenderun's Mystic   Conj/Tloc      42%        2d10      4%          4

Your spell library contained the following spells:

 Spells                   Type           Power      Damage    Failure   Level
 Dazzling Flash           Conj/Hex       84%        N/A       1%          3
 Gell's Gravitas          Tloc           16%        N/A       2%          3
 Inner Flame              Hex/Fire       32%        N/A       2%          3
 Teleport Other           Tloc           32%        N/A       2%          3
 Fulminant Prism          Conj/Hex       21%        3d13      4%          4
 Cause Fear               Hex            16%        N/A       10%         4
 Petrify                  Tmut/Erth      32%        N/A       10%         4
 Irradiate                Conj/Tmut      21%        3d20      12%         5
 Dispersal                Tloc           16%        N/A       82%         6
 Discord                  Hex            16%        N/A       100%        8


Dungeon Overview and Level Annotations

Branches:
Dungeon (13/15)            Temple (1/1) D:6             Orc (0/2) D:11
   Lair: D:8-11      Vaults: D:13-14

Altars:
Ashenzari
Cheibriados
Dithmenos
Elyvilon
Fedhas
Gozag
Hepliaklqana
Kikubaaqudgha
Makhleb
Nemelex Xobeh
Okawaru
Qazlal
Ru
Sif Muna
Trog
Uskayaw
Wu Jian
Xom
Yredelemnul
Zin
The Shining One

Shops:
D:3 ?*((   D:4 =   D:5 :

Annotations:
D:8 1 runed translucent door


Innate Abilities, Weirdness & Mutations

You have very sharp teeth.
Your uncanny sense of smell can sniff out nearby items.
Your experience applies equally to all skills.
You have a pair of small horns on your head.
You tend to lose your temper in combat.


Message History

* * * LOW HITPOINT WARNING * * *
The orc is engulfed in noxious fumes.
An orc comes into view. It is wielding a +0 club.
A yak comes into view.
The orc is engulfed in noxious fumes.
The orc appears confused.
The orc closely misses you.
Unknown command.
The yak is engulfed in noxious fumes.
The yak appears confused.
The orc is engulfed in noxious fumes.
The orc appears confused.
Something hits the orc!
The orc is killed!
The yak is engulfed in noxious fumes.
The yak appears confused.
Found a stone staircase leading down.
There is a stone staircase leading down here.
Your extra speed is starting to run out.
There is a stone staircase leading down here.
You climb downwards.
A rakshasa comes into view. It is wielding a +0 trident.
Found a book of Callings.
There is a stone staircase leading up here.
Casting: Mephitic Cloud (safe; 1% risk of failure)
Confirm with . or Enter, or press ? or * to list all spells.
You can't see any susceptible monsters within range! (Use Z to cast anyway.) Unknown command.
Unknown command.
You feel yourself slow down.
You open the door.
Found a coppery potion and a scroll of identify.
A six-headed hydra comes into view.
There is an open door here.
You see here a coppery potion.
The six-headed hydra roars!
The rakshasa weaves an illusion.
The six-headed hydra shimmers and seems to become two!
The six-headed hydra barely misses you. The six-headed hydra bites you. x2
* * * LOW HITPOINT WARNING * * *
The six-headed hydra bites you!
* * * LOW HITPOINT WARNING * * *
The six-headed hydra bites you!
You die...

∆ ###+####### ######.#
#.........# ###.<.....
#......DD.####.........
+.....@..!'R...#.......
#.....?...######.......
########### ########


You could see 2 six-headed hydras and a rakshasa.

Vanquished Creatures
  Fannar (D:12)
  Pikel (D:8)
  An ugly thing (D:12)
  Maggie (D:6)
  A hornet (D:6)
  4 yaks (D:7)
  Sigmund (D:6)
  Edmund (D:4)
  4 water moccasins
  2 orc warriors
  4 ogres
  A necrophage (D:7)
  2 centaurs
  4 phantoms
  2 bullfrogs (D:7)
  3 kobold brigands
  4 wights (D:8)
  2 howler monkeys
  3 jellies
  7 orc priests
  A bullfrog skeleton (D:5)
  A hound (D:6)
  An iguana (D:7)
  Natasha (thrice) (D:2)
  8 orc wizards
  A killer bee zombie (D:7)
  A howler monkey zombie (D:6)
  4 gnolls
  8 adders
  A shadow imp (D:6)
  3 white imps
  An ufetubus (D:6)
  2 worms
  35 orcs
  7 endoplasms
  5 giant cockroaches
  9 goblins
  9 hobgoblins
  12 jackals
  5 quokkas
  5 ball pythons
  6 bats
  3 frilled lizards
  15 kobolds
  8 rats
203 creatures vanquished.

Notes
Turn   | Place    | Note
-------+----------+-------------------------------------------
     0 | D:1      | bjtr the Gnoll Conjurer began the quest for the Orb.
     0 | D:1      | Reached XP level 1. HP: 13/13 MP: 6/6
   201 | D:1      | Reached XP level 2. HP: 19/19 MP: 4/7
   325 | D:1      | Found a faded altar of an unknown god.
   906 | D:1      | Learned a level 2 spell: Searing Ray
   912 | D:1      | Reached skill level 5 in Spellcasting
   912 | D:1      | Reached XP level 3. HP: 25/25 MP: 4/9
  1192 | D:2      | Reached skill level 1 in Invocations
  1241 | D:2      | Reached skill level 1 in Fighting
  1241 | D:2      | Reached skill level 1 in Short Blades
  1241 | D:2      | Reached skill level 1 in Long Blades
  1241 | D:2      | Reached skill level 1 in Axes
  1241 | D:2      | Reached skill level 1 in Maces & Flails
  1241 | D:2      | Reached skill level 1 in Polearms
  1241 | D:2      | Reached skill level 1 in Staves
  1241 | D:2      | Reached skill level 1 in Slings
  1241 | D:2      | Reached skill level 1 in Bows
  1241 | D:2      | Reached skill level 1 in Crossbows
  1241 | D:2      | Reached skill level 1 in Throwing
  1241 | D:2      | Reached skill level 1 in Armour
  1241 | D:2      | Reached skill level 1 in Shields
  1241 | D:2      | Reached skill level 1 in Unarmed Combat
  1241 | D:2      | Reached skill level 1 in Evocations
  1300 | D:2      | Reached XP level 4. HP: 32/32 MP: 11/11
  1524 | D:2      | Learned a level 2 spell: Call Imp
  1528 | D:2      | Learned a level 3 spell: Mephitic Cloud
  1531 | D:2      | Noticed Natasha
  1541 | D:2      | Killed Natasha
  1542 | D:2      | Reached skill level 1 in Hexes
  1542 | D:2      | Reached skill level 1 in Summonings
  1542 | D:2      | Reached skill level 1 in Necromancy
  1542 | D:2      | Reached skill level 1 in Translocations
  1542 | D:2      | Reached skill level 1 in Transmutations
  1542 | D:2      | Reached skill level 1 in Fire Magic
  1542 | D:2      | Reached skill level 1 in Ice Magic
  1542 | D:2      | Reached skill level 1 in Air Magic
  1542 | D:2      | Reached skill level 1 in Earth Magic
  1542 | D:2      | Reached skill level 1 in Poison Magic
  1748 | D:2      | Reached XP level 5. HP: 37/37 MP: 8/12
  1748 | D:2      | Noticed Natasha
  1760 | D:2      | Killed Natasha
  1900 | D:2      | Noticed Natasha
  1903 | D:2      | Killed Natasha
  2031 | D:3      | Found Wuunnes's Antique Weapon Emporium.
  2203 | D:3      | Found Hodirch's Magic Scroll Emporium.
  2470 | D:3      | Found Bebow's Weapon Shoppe.
  2614 | D:3      | Reached XP level 6. HP: 11/44 MP: 3/13
  3021 | D:3      | Found Ixkuixia's General Store.
  3416 | D:4      | Identified the +4 hand axe of Wumnudest {flame, Str+2}
  3563 | D:4      | Noticed a +0 dagger
  3563 | D:4      | Noticed a +0 dagger
  3565 | D:4      | Found a hide-covered altar of Uskayaw.
  3618 | D:4      | Found a shadowy altar of Dithmenos.
  3627 | D:4      | Noticed Edmund
  3652 | D:4      | Gained mutation: Your body sometimes deteriorates upon
                  | taking damage. [potion of mutation]
  3679 | D:4      | Killed Edmund
  3680 | D:4      | Reached skill level 5 in Dodging
  3885 | D:4      | Reached XP level 7. HP: 26/50 MP: 11/15
  4034 | D:4      | Lost mutation: Your body sometimes deteriorates upon taking
                  | damage. [potion of mutation]
  4034 | D:4      | Gained mutation: You tend to lose your temper in combat.
                  | [potion of mutation]
  4034 | D:4      | Gained mutation: You are weak. (Str -2) [potion of
                  | mutation]
  4034 | D:4      | Gained mutation: You have large cloven feet. [potion of
                  | mutation]
  4035 | D:4      | Lost mutation: You are weak. (Str -2) [potion of mutation]
  4035 | D:4      | Lost mutation: You have large cloven feet. [potion of
                  | mutation]
  4035 | D:4      | Gained mutation: You have a pair of small horns on your
                  | head. [potion of mutation]
  4063 | D:4      | Found Fudycw's Jewellery Boutique.
  4090 | D:4      | Learned a level 2 spell: Sublimation of Blood
  4095 | D:4      | Learned a level 4 spell: Iskenderun's Mystic Blast
  4136 | D:5      | Entered Level 5 of the Dungeon
  4409 | D:5      | Found Pionif's Book Shop.
  4482 | D:5      | Reached skill level 5 in Stealth
  5000 | D:5      | Found a glowing silver altar of Zin.
  5355 | D:6      | Identified the +1 robe "Picuewir" {Drain rElec rN++ Int+3}
  5394 | D:6      | Reached XP level 8. HP: 29/57 MP: 16/16
  5599 | D:6      | Found a staircase to the Ecumenical Temple.
  5608 | Temple   | Entered the Ecumenical Temple
  5930 | D:6      | Noticed Maggie
  6196 | D:6      | Killed Maggie
  6347 | D:6      | Found a shimmering altar of Xom.
  6380 | D:6      | Found an ancient bone altar of Kikubaaqudgha.
  6380 | D:6      | Noticed Sigmund
  6384 | D:6      | Killed Sigmund
  6694 | D:6      | Noticed a hornet
  6703 | D:6      | Killed a hornet
  6704 | D:6      | Reached XP level 9. HP: 19/65 MP: 10/18
  7326 | D:6      | Found a glowing golden altar of the Shining One.
  7481 | D:6      | Found a burning altar of Makhleb.
  8335 | D:7      | Found a stormy altar of Qazlal.
  8356 | D:7      | Reached skill level 8 in Conjurations
  8547 | D:7      | Reached skill level 5 in Invocations
  9469 | D:7      | Reached XP level 10. HP: 65/73 MP: 20/20
  9901 | D:8      | Noticed a phantasmal warrior
  9912 | D:8      | Noticed Pikel
 10051 | D:8      | Killed Pikel
 10052 | D:8      | Reached skill level 5 in Fighting
 10052 | D:8      | Reached skill level 5 in Short Blades
 10052 | D:8      | Reached skill level 5 in Long Blades
 10052 | D:8      | Reached skill level 5 in Axes
 10052 | D:8      | Reached skill level 5 in Maces & Flails
 10052 | D:8      | Reached skill level 5 in Polearms
 10052 | D:8      | Reached skill level 5 in Staves
 10052 | D:8      | Reached skill level 5 in Slings
 10052 | D:8      | Reached skill level 5 in Bows
 10052 | D:8      | Reached skill level 5 in Crossbows
 10052 | D:8      | Reached skill level 5 in Throwing
 10052 | D:8      | Reached skill level 5 in Armour
 10052 | D:8      | Reached skill level 5 in Shields
 10052 | D:8      | Reached skill level 5 in Unarmed Combat
 10052 | D:8      | Reached skill level 5 in Evocations
 10352 | D:8      | Noticed a death knight
 10364 | D:8      | Noticed a phantasmal warrior
 10643 | D:8      | Found a runed translucent door.
 10718 | D:8      | You fall into a shaft and drop 3 floors!
 10746 | D:11     | Found a staircase to the Orcish Mines.
 10819 | D:12     | Noticed a cyan ugly thing
 10855 | D:12     | Killed a cyan ugly thing
 11259 | D:12     | Noticed Fannar
 11295 | D:12     | Killed Fannar
 11314 | D:13     | Noticed a rakshasa
 11322 | D:13     | Noticed a six-headed hydra
 11326 | D:13     | Slain by a six-headed hydra

Illustrated notes

Levels and vault maps discovered:
D:1:      co_arrival_square_in_a_square_in_a_square, layout_basic,
          ebering_ecumenical_altar_rust
D:2:      layout_rooms, minmay_randomly_rotated_circles, uniq_natasha
D:3:      layout_basic, serial_shops, shop, shop_statue, nicolae_shop_trees,
          nicolae_shop_statue_plus, kennysheep_cross_bottleneck,
          grunt_ministairs_2
D:4:      layout_basic, grunt_dithmenos_smoke, dancing_weapons_uskayaw,
          serial_shops, shop_fountains, uniq_edmund
D:5:      layout_loops_corners, zin_statuary, serial_shops,
          nicolae_inconvenience_store
D:6:      layout_loops_ring, lightli_temple_of_fire, lemuel_tele_altar,
          mainiacjoe_overflow_two_lobes, minmay_temple_entry_hall, uniq_sigmund,
          uniq_maggie
D:7:      layout_basic, nicolae_qazlal_scattered_showers, minmay_fountain_box
D:8:      layout_loops_cross, ebering_ghost_reflecting_pool, uniq_pikel
D:11:     layout_roguey, kennysheep_orc_monster_closet_entryway,
          kennysheep_flooded_box
D:12:     layout_basic, special_room [special_room_orc], serial_shops, shop,
          minmay_misc_feat_chi, uniq_fannar, uniq_nessos, uniq_kirke
D:13:     layout_roguey, serial_shops, kennysheep_mini, uniq_josephine
Temple:   oiseaux_autumnal_temple

Skill      XL: |  1  2  3  4  5  6  7  8  9 10 |
---------------+-------------------------------+-----
Spellcasting   | 5 6 7 |  7.6
Invocations    | 1 2 3 4 5 6 |  6.1
Fighting       | 1 2 3 4 5 |  5.6
Short Blades   | 1 2 3 4 5 |  5.6
Long Blades    | 1 2 3 4 5 |  5.6
Axes           | 1 2 3 4 5 |  5.6
Maces & Flails | 1 2 3 4 5 |  5.6
Polearms       | 1 2 3 4 5 |  5.6
Staves         | 1 2 3 4 5 |  5.6
Slings         | 1 2 3 4 5 |  5.6
Bows           | 1 2 3 4 5 |  5.6
Crossbows      | 1 2 3 4 5 |  5.6
Throwing       | 1 2 3 4 5 |  5.6
Armour         | 1 2 3 4 5 |  5.6
Shields        | 1 2 3 4 5 |  5.6
Unarmed Combat | 1 2 3 4 5 |  5.6
Evocations     | 1 2 3 4 5 |  5.6
Hexes          | 1 2 3 4 |  4.6
Summonings     | 1 2 3 4 |  4.6
Necromancy     | 1 2 3 4 |  4.6
Translocations | 1 2 3 4 |  4.6
Transmutations | 1 2 3 4 |  4.6
Fire Magic     | 1 2 3 4 |  4.6
Ice Magic      | 1 2 3 4 |  4.6
Air Magic      | 1 2 3 4 |  4.6
Earth Magic    | 1 2 3 4 |  4.6
Poison Magic   | 1 2 3 4 |  4.6
Dodging        | 5 6 7 |  7.3
Stealth        | 5 6 7 |  7.1
Conjurations   | 8 |  8.6

Action                   |  1- 3 |  4- 6 |  7- 9 | 10-12 || total
-------------------------+-------+-------+-------+-------++-------
Melee: Rapier            |    26 |    63 |       |       ||    89
       Bite              |       |     2 |     6 |     9 ||    17
       Hand axe          |       |    17 |   115 |   125 ||   257
       Headbutt          |       |       |    11 |    11 ||    22
       Punch             |       |       |       |     2 ||     2
 Cast: Magic Dart        |    28 |     8 |       |       ||    36
       Searing Ray       |     3 |    19 |    32 |     3 ||    57
       Mephitic Cloud    |       |     2 |    11 |    16 ||    29
       Iskenderun's Myst |       |       |     2 |     2 ||     4
       Sublimation of Bl |       |       |     2 |       ||     2
       Call Imp          |       |       |       |     7 ||     7
  Use: Potion            |       |     1 |     2 |     6 ||     9
       Scroll            |       |       |    10 |     5 ||    15
 Stab: Sleeping          |     3 |     5 |     8 |     1 ||    17
       Confused          |       |       |     1 |     7 ||     8
Armor: Leather armour    |    16 |    26 |     6 |       ||    48
       Robe              |       |       |    21 |    23 ||    44
Dodge: Dodged            |    30 |    46 |    94 |    78 ||   248

Table legend: (Time is in decaauts)
 A = Elapsed time spent in this place.
 B = Non-inter-level travel time spent in this place.
 C = Inter-level travel time spent in this place.
 D = Time resting spent in this place.
 E = Time spent auto-exploring this place.
 F = Levels seen in this place.
 G = Mean time per level.
                   A        B        C        D        E       F      G
               +--------+--------+--------+--------+--------+-----+--------+
         Total |  11377 |  11120 |    257 |   3242 |   6017 |  12 |  948.1 |
       Dungeon |  11053 |  10829 |    224 |   3242 |   5729 |  11 | 1004.8 |
        Temple |    323 |    290 |     33 |      0 |    288 |   1 |  323.0 |
               +--------+--------+--------+--------+--------+-----+--------+

Top non-repeatable levels by time:
     D:7: 2026 daAuts
     D:6: 1934 daAuts
     D:5: 1310 daAuts
     D:3: 1249 daAuts
     D:8: 1046 daAuts
     D:2: 1024 daAuts
     D:1: 1012 daAuts
     D:4: 864 daAuts
    D:12: 476 daAuts
  Temple: 323 daAuts
    D:11: 98 daAuts
    D:13: 10 daAuts
